 Dungeon Crawl Stone Soup version 0.18.0-2-g198d6d4 (webtiles) character file.

55 imoen the Insei (level 3, -1/19 HPs)
             Began as a Vine Stalker Monk on May 5, 2016.
             Slain by a mummy (10 damage)
             ... in an ossuary.
             The game lasted 00:06:05 (701 turns).

imoen the Insei (Vine Stalker Monk)                  Turns: 701, Time: 00:06:06

Health: -1/19      AC:  2    Str: 13    XL:     3   Next: 93%
Magic:  0/4        EV: 13    Int: 10    God:
Gold:   43         SH:  0    Dex: 17    Spells: 0 memorised, 2 levels left

rFire  . . .     SeeInvis .       - Unarmed
rCold  . . .     Gourm    .     a - +0 robe
rNeg   . . .     Faith    .     (no shield)
rPois  .         Spirit   +     (no helmet)
rElec  .         Dismiss  .     (no cloak)
rCorr  .         Reflect  .     (no gloves)
SustAt .         Harm     .     (no boots)
MR     .....                    (no amulet)
Stlth  ++........               (no ring)
                                (no ring)

@: not resistant to hostile enchantments, unstealthy
A: fangs 2, regeneration 1, magic shield, antimagic bite, no device heal 3, rot
immunity
a: no special abilities


You were in an ossuary.
You were not hungry.

You visited 1 branch of the dungeon, and saw 4 of its levels.
You also visited: Ossuary.

You collected 43 gold pieces.

Inventory:

Hand Weapons
 h - a +1 dagger of flaming
   (You took it off a goblin on level 2 of the Dungeon)
Armour
 a - a +0 robe (worn)
Scrolls
 g - a scroll of fog
 k - 3 scrolls of remove curse
 l - 6 scrolls of random uselessness {unknown}
 m - a scroll of noise {unknown}
Potions
 c - 2 potions of heal wounds {unknown}
 e - a potion of resistance {unknown}
 f - a potion of agility {unknown}
 i - 3 potions of haste {unknown}
 j - a potion of berserk rage {unknown}
 n - 2 potions of degeneration {unknown}
 o - a potion of curing {unknown}
Comestibles
 b - a bread ration
 d - a slice of pizza


   Skills:
 - Level 2.6 Fighting
 - Level 2.4 Dodging
 - Level 2.4 Stealth
 + Level 5.4 Unarmed Combat


You had 2 spell levels left.
You didn't know any spells.

Dungeon Overview and Level Annotations

Branches:
Dungeon (4/15)
 Temple: D:4-7

Altars:


Innate Abilities, Weirdness & Mutations

You have extremely sharp teeth.
Your natural rate of healing is unusually fast.
When hurt, damage is shared between your health and your magic reserves.
Your bite disrupts and absorbs the magic of your enemies.
Potions and wands cannot restore your health.
You are immune to rotting.


Message History

You hit the mummy but do no damage. You bite the mummy. You drain its power.
The mummy barely misses you.
You hit the mummy but do no damage. You bite the mummy, but do no damage.
The mummy hits you.
* * * LOW HITPOINT WARNING * * *
You take 5 damage, and have 12/19 hp.
MASSIVE DAMAGE!!
You now have 3/4 mp.
You barely miss the mummy. You closely miss the mummy. You bite the mummy.
You drain its power.
You feel invigorated. The mummy barely misses you.
MP restored: 4 You hit the mummy.
Your bite misses the mummy. You punch the mummy!
You destroy the mummy!
Unknown command.
You hit the mummy but do no damage. You bite the mummy. You drain its power.
You hit the mummy. You bite the mummy. You drain its power. The mummy hits you!
Ouch! That really hurt!
* * * LOW HITPOINT WARNING * * *
You take 13 damage, and have 1/19 hp.
MASSIVE DAMAGE!!
You now have 0/4 mp.
Unknown command.
There is an open door here.
You close the door.
A mummy opens the door.
You start resting.
Unknown command.
Here: a mummy (moderately damaged)
The floor.
Wield which item (- for none, * to show all)? (? for menu, Esc to quit)
Your +1 dagger of flaming bursts into flame!
h - a +1 dagger of flaming (weapon)
Unknown command.
You start resting.
You aren't carrying any items that you can evoke.
Unknown command.
Drink which item? (? for menu, Esc to quit)
It was a potion of lignification.
You turn into a tree.
Your +0 robe melds into your body.
Your roots penetrate the ground.
You now have 9/28 hp.
Unknown command.
Wield which item (- for none, * to show all)? (? for menu, Esc to quit)
You are already wielding that!
Your armour is currently melded into you.
Your +1 dagger of flaming stops flaming.
You are now empty-handed.
Unknown command.
Unknown command.
Unknown command.
Unknown command.
You smack the mummy!
You destroy the mummy!
You cannot move.
You start resting.
You regained 3 hp, and now have 13/28 hp.
Unknown command.
You start resting.
Your transformation is almost over.
You start resting.
You feel less woody.
Your +0 robe unmelds from your body.
You now have 10/19 hp.
Unknown command.
There is an open door here.
There is an open door, spattered with blood here.
l - 5 scrolls labeled VARAL KOCWIG (gained 1)
c - a pink potion
l - 6 scrolls labeled VARAL KOCWIG (gained 1)
k - 3 scrolls of remove curse (gained 1)
c - 2 pink potions (gained 1)
There is an open door, spattered with blood here.
You open the door.
Health restored: 19
There is an open door here.
A mummy comes into view.
i - 3 glowing grey potions (gained 1)
You see here a coppery potion.
m - a scroll labeled XOQEETAE XINU You see here a puce potion.
You see here a puce potion.
You see here a puce potion.
n - a puce potion You see here a puce potion.
n - 2 puce potions (gained 1)
You see here a coppery potion.
o - a coppery potion You barely miss the mummy.
You bite the mummy, but do no damage. The mummy hits you!
Ouch! That really hurt!
* * * LOW HITPOINT WARNING * * *
You take 11 damage, and have 8/19 hp.
MASSIVE DAMAGE!!
You now have 2/4 mp.
You hit the mummy. You punch the mummy. You bite the mummy, but do no damage.
Unknown command.
You hit the mummy. You bite the mummy, but do no damage. The mummy hits you!
Ouch! That really hurt!
You die...

#..###.......###.
+...#.........#..
#...'....⌠....'..
+...#.........#..
#..###.......###.
+.## ##.....## ##
#.# ###'### #
##M## #.# ##
#@..# ##.## #.
#...# #.∩.# #.
##### #.∩.# ##
#####


You could see a mummy.

Vanquished Creatures
  3 mummies (Ossuary)
  An adder (D:2)
  An orc (D:4)
  A giant cockroach (D:2)
  A goblin (D:2)
  A hobgoblin (D:1)
  A quokka (D:3)
9 creatures vanquished.

Notes
Turn   | Place    | Note
--------------------------------------------------------------
     0 | D:1      | imoen the Vine Stalker Monk began the quest for the Orb.
     0 | D:1      | Reached XP level 1. HP: 11/11 MP: 2/2
   103 | D:2      | Reached XP level 2. HP: 6/16 MP: 0/3
   465 | D:4      | Found a sand-covered staircase.
   468 | D:4      | Noticed an ogre
   525 | Ossuary  | Entered an ossuary
   586 | Ossuary  | Reached skill level 5 in Unarmed Combat
   586 | Ossuary  | Reached XP level 3. HP: 16/19 MP: 4/4
   600 | Ossuary  | HP: 1/19 [mummy (13)]
   701 | Ossuary  | Slain by a mummy

Skill      XL: |  1  2 |
---------------+-------+-----
Unarmed Combat | 5 |  5.4
Fighting       | |  2.6
Dodging        | |  2.4
Stealth        | |  2.4

Action                   || total
-------------------------++-------
Melee: Unarmed           ||    51
       Bite              ||    24
       Punch             ||     2
  Use: Scroll            ||     2
       Potion            ||     1
 Stab: Sleeping          ||     1
Armor: Robe              ||     2
Dodge: Dodged            ||    23

Vault maps used:
D:1:      sevenhm_arrival_forest_fort_small_4
D:2:      nicolae_gozag_zags_fifth_avenue, uniq_jessica
D:3:      fedhas_altar_2, elyvilon_altar_5
D:4:      nicolae_ossuary_entry_monument
Ossuary:  ossuary_crypta

Table legend:
 A = Turns spent in this place as a percentage of turns spent in the entire game.
 B = Non-inter-level travel turns spent in this place as a percentage of non-inter-level travel turns spent in the entire game.
 C = Inter-level travel turns spent in this place as a percentage of turns spent in this place.
 D = Turns resting spent in this place as a percentage of non-inter-level travel turns spent in this place.
 E = Turns spent auto-exploring this place as a percentage of non-inter-level travel turns spent in this place.
 F = Non-inter-level travel turns spent in this place divided by the number of levels of this place that you've seen.
                   A       B       C       D       E      F
               +-------+-------+-------+-------+-------+----------------------
         Total | 100.0 | 100.0 |   0.2 |   2.9 |   0.4 | 104.8
       Dungeon |  68.0 |  67.9 |   0.3 |   1.7 |   0.6 |  89.0
       Ossuary |  32.0 |  32.1 |   0.0 |   5.4 |   0.0 | 168.0
               +-------+-------+-------+-------+-------+----------------------

Table legend:
 A = Kills in this place as a percentage of kills in entire the game.
 B = Kills by you in this place as a percentage of kills by you in the entire game.
 C = Kills by friends in this place as a percentage of kills by friends in the entire game.
 D = Other kills in this place as a percentage of other kills in the entire game.
 E = Experience gained in this place as a percentage of experience gained in the entire game.
 F = Experience gained in this place divided by the number of levels of this place that you have seen.
                   A       B       C       D       E      F
               +-------+-------+-------+-------+-------+----------------------
         Total | 100.0 | 100.0 |  -nan |  -nan | 100.0 |  15.8
       Dungeon |  66.7 |  66.7 |  -nan |  -nan |  31.6 |   6.2
       Ossuary |  33.3 |  33.3 |  -nan |  -nan |  68.4 |  54.0
               +-------+-------+-------+-------+-------+----------------------
